 Dungeon Crawl Stone Soup version 0.28-a0-1199-gef9e1dbd39 (webtiles) character file.

Game seed: 1429655202901833353

37 timneilson the Skirmisher (level 3, 0/29 HPs)
             Began as a Demonspawn Abyssal Knight on Dec 19, 2021.
             Was a Follower of Lugonu.
             Slain by Robin (1 damage)
             ... on level 2 of the Dungeon.
             The game lasted 00:02:43 (1066 turns).

timneilson the Skirmisher (DsAK)                    Turns: 1066, Time: 00:02:43

Health: 0/29       AC:  5    Str: 15    XL:     3   Next: 23%
Magic:  5/5        EV: 10    Int: 11    God:    Lugonu [*.....]
Gold:   77         SH:  4    Dex: 13    Spells: 2/2 levels left

rFire   . . .      SeeInvis .   a - +2 falchion
rCold   . . .      Faith    .   (no shield)
rNeg    . . .      Spirit   .   c - +0 ring mail
rPois   .          Reflect  .   (helmet restricted)
rElec   .          Harm     .   (no cloak)
rCorr   .          Rampage  .   (no gloves)
Will    .....                   (no boots)
Stlth   +.........              (no amulet)
HPRegen 0.09/turn               (no ring)
MPRegen 0.09/turn               (no ring)

@: hasted, very quick
A: horns 1, large bone plates 1
a: Renounce Religion, Depart the Abyss


You were on level 2 of the Dungeon.
You worshipped Lugonu.
Lugonu was aware of your devotion.
You visited 1 branch of the dungeon, and saw 2 of its levels.
You visited the Abyss 1 time.

You collected 77 gold pieces.

Inventory:

Hand Weapons
 a - a +2 falchion (weapon)
Armour
 b - a +0 leather armour
 c - a +0 ring mail (worn)
Scrolls
 d - a scroll of immolation {unknown}


   Skills:
 + Level 3.2 Fighting
 * Level 2.2 Long Blades
 * Level 2.3 Armour
 + Level 1.3 Dodging
 + Level 2.8 Invocations


You had 2 spell levels left.
You didn't know any spells.
Your spell library contained the following spells:

 Spells                   Type           Power      Damage    Failure   Level
 Apportation              Tloc           0%         N/A       56%         1
 Alistair's Intoxication  Tmut/Pois      0%         N/A       100%        5


Dungeon Overview and Level Annotations

Branches:
Dungeon (2/15)

Altars:
Makhleb

Shops:
D:2 !

Annotations:
D:2 Robin


Innate Abilities, Weirdness & Mutations

You have a pair of small horns on your head.
You are partially covered in large bone plates. (SH +4)


Message History

A hobgoblin comes into view.
The hobgoblin hits you.
Unknown command.
You barely miss the hobgoblin.
The hobgoblin is severely wounded.
The hobgoblin shouts!
You hear a shout!
You block the hobgoblin's attack.
You hit the hobgoblin.
You kill the hobgoblin!
Lugonu accepts your kill.
You hit the hobgoblin.
The hobgoblin is heavily wounded.
The hobgoblin hits you.
You slash the hobgoblin!
You kill the hobgoblin!
Lugonu accepts your kill.
Robin roars a battlecry!
You closely miss the hobgoblin. You headbutt the hobgoblin.
You kill the hobgoblin!
Lugonu accepts your kill.
Robin roars a battlecry!
A goblin comes into view. It is wielding a +0 dagger.
The goblin shouts!
Items here: ) †††.
You barely miss Robin. You headbutt Robin.
Robin is moderately wounded.
Robin hits you with a +0 spear.
* * * LOW HITPOINT WARNING * * *
Robin hits you with a +0 spear.
* * * LOW HITPOINT WARNING * * *
You closely miss Robin.
Robin is moderately wounded.
Robin hits you but does no damage.
Unknown command.
It was a potion of haste.
You feel yourself speed up. Robin completely misses you.
You hit Robin.
Robin is severely wounded.
Robin hits you with a +0 spear.
You die...

# #.# #.########## #. #.#
#.##.#.#.#.##
#.##.######............
#.##...........##.##+##.#.
gg.gg.g........#..#...#...
g.#####g######.##.'...+.#.
#.# #.#..#...#...
#.#####g######.##.##'##.#.
#......gg@.).........)....
#######.#######.#.#.#.#.##
........# #...#######
######### #####


You could see Robin and 2 goblins.

Vanquished Creatures
  A gnoll (D:1)
  A bat (D:1)
  An endoplasm (D:1)
  A giant cockroach (D:1)
  4 goblins
  7 hobgoblins (D:2)
  2 jackals (D:1)
  A kobold (D:2)
  2 quokkas (D:1)
  A ball python (D:1)
  A frilled lizard (D:1)
22 creatures vanquished.

Notes
Turn   | Place    | Note
-------+----------+-------------------------------------------
     0 | Abyss:1  | timneilson the Demonspawn Abyssal Knight began the quest
                  | for the Orb.
     0 | Abyss:1  | Reached XP level 1. HP: 18/18 MP: 2/2
    21 | Abyss:2  | Found a corrupted altar of Lugonu.
    54 | Abyss:2  | Noticed a raiju
    56 | D:1      | Escaped the Abyss
   197 | D:1      | Reached skill level 1 in Dodging
   215 | D:1      | Found a faded altar of an unknown god.
   250 | D:1      | Reached * piety under Lugonu
   325 | D:1      | Gained mutation: You are partially covered in large bone
                  | plates. (SH +4) [demonic ancestry]
   325 | D:1      | Reached XP level 2. HP: 24/24 MP: 3/3
   877 | D:2      | Found a burning altar of Makhleb.
   978 | D:2      | Found Malifynk's Distillery.
  1029 | D:2      | Noticed Robin
  1047 | D:2      | Gained mutation: You have a pair of small horns on your
                  | head. [demonic ancestry]
  1047 | D:2      | Reached XP level 3. HP: 24/29 MP: 5/5
  1063 | D:2      | HP: 1/29 [Robin (5)]
  1066 | D:2      | Slain by Robin

Illustrated notes

Levels and vault maps discovered:
D:1:      dpeg_arrival_pits, layout_loops_ring,
          dreamdust_ecumenical_altar_angels_and_demons
D:2:      layout_loops_ring, basic_altar, serial_shops, nicolae_shop_waterfront,
          hex_medium, minmay_misc_feat_doors, uniq_robin

Skill      XL: |  1 |
---------------+----+-----
Dodging        | 1 |  1.3
Armour         | 2 |  2.3
Long Blades    | 2 |  2.2
Fighting       | |  3.2
Invocations    | |  2.8

Action                   || total
-------------------------++-------
Melee: Falchion          ||    79
       Headbutt          ||     2
Invok: Depart the Abyss  ||     1
  Use: Scroll            ||     2
       Potion            ||     1
Armor: Ring mail         ||    14
       Leather armour    ||     2
Dodge: Dodged            ||    48
Block: Other             ||     8

Table legend: (Time is in decaauts)
 A = Elapsed time spent in this place.
 B = Non-inter-level travel time spent in this place.
 C = Inter-level travel time spent in this place.
 D = Time resting spent in this place.
 E = Time spent auto-exploring this place.
 F = Levels seen in this place.
 G = Mean time per level.
                   A        B        C        D        E       F      G
               +--------+--------+--------+--------+--------+-----+--------+
         Total |   1080 |   1050 |     30 |     10 |    763 |   4 |  270.0 |
       Dungeon |   1025 |    995 |     30 |     10 |    763 |   2 |  512.5 |
         Abyss |     55 |     55 |      0 |      0 |      0 |   2 |   27.5 |
               +--------+--------+--------+--------+--------+-----+--------+

Top non-repeatable levels by time:
     D:1: 818 daAuts
     D:2: 206 daAuts
 Abyss:2: 34 daAuts
 Abyss:1: 21 daAuts
